 Dungeon Crawl Stone Soup version 0.16-a0-2683-gc417ed5 (webtiles) character file.

7364 Fiveotanaka the Brawler (level 10, -3/88 HPs)
             Began as a Troll Monk on Nov 25, 2014.
             Was a Plaything of Xom.
             Slain by an orc knight
             ... wielding a +0 great mace
              (23 damage)
             ... on level 4 of the Orcish Mines.
             The game lasted 00:32:59 (8076 turns).

Fiveotanaka the Brawler (Troll Monk)                Turns: 8076, Time: 00:32:59

Health: -3/88      AC:  8    Str: 21    XL:     10   Next: 91%
Magic:  3/3        EV: 14    Int:  6    God:    Xom
Gold:   1086       SH:  0    Dex: 15    Spells: 0 memorised, 9 levels left

rFire  . . .     SeeInvis .       - Unarmed
rCold  + + .     Clarity  .     z - +2 robe {rC+}
rNeg   . . .     SustAb   .     (shield restricted)
rPois  .         Gourm    +     (helmet restricted)
rElec  .         Spirit   .     r - +1 cloak
rCorr  .         Warding  .     (gloves unavailable)
rMut   .         Stasis   .     (boots unavailable)
MR     .....                    (no amulet)
Stlth  ++........               (no ring)
                                x - ring of protection from cold

@: not resistant to hostile enchantments, unstealthy
A: unfitting armour, claws 3, deformed body, fast metabolism 3, gourmand, low mp
1, regeneration 2, shaggy fur 1, tough skin 2
a: Renounce Religion


You were on level 4 of the Orcish Mines.
You worshipped Xom.
You were a plaything of Xom.
You were full.

You visited 3 branches of the dungeon, and saw 14 of its levels.

You collected 1086 gold pieces.

Inventory:

Missiles
 d - 4 large rocks (quivered)
Armour
 a - a +0 robe
 r - a +1 cloak (worn)
 z - a +2 robe of cold resistance (worn)
Jewellery
 x - a ring of protection from cold (left claw)
Magical devices
 C - a wand of frost (30)
 D - a wand of confusion (16)
Scrolls
 c - a scroll of fog
 e - 2 scrolls of remove curse
 g - 2 scrolls of recharging
 m - 4 scrolls of teleportation
 n - a scroll of magic mapping
 o - a scroll of blinking
 q - 2 scrolls of enchant weapon
 v - a scroll of fear
 y - a scroll of vulnerability {unknown}
Potions
 h - 5 potions of curing
 j - a potion of haste
 p - a potion of might
 s - a potion of lignification
 u - 2 potions of heal wounds
 w - 2 potions of cancellation
 A - a potion of restore abilities
 B - a potion of magic {unknown}
Comestibles
 b - 5 meat rations
 f - 2 bread rations
 i - 5 fruits
 k - a slice of pizza
 l - 10 royal jellies
 t - 2 beef jerkies


   Skills:
 - Level 2.4 Fighting
 + Level 8.2 Dodging
 - Level 1.1 Stealth
 + Level 15.1 Unarmed Combat


You had 9 spell levels left.
You didn't know any spells.

Dungeon Overview and Level Annotations

Branches:
Dungeon (11/15)            Temple (1/1) D:4            Lair (0/8) D:10
    Orc (4/4) D:10
    Elf: Orc:3-4

Altars:
Dithmenos
Fedhas
Kikubaaqudgha
Makhleb
Nemelex Xobeh
Okawaru
Qazlal
Ru
Sif Muna
Trog
Vehumet
Xom
Yredelemnul
Zin
The Shining One
Beogh

Annotations:
D:11 Josephine


Innate Abilities, Weirdness & Mutations

You are too large for most types of armour.
You have claws for hands.
Your metabolism is lightning-fast.
You like to eat raw meat.
You heal very quickly.
You are covered in fur (AC +1).
You have very tough skin (AC +2).
Armour fits poorly on your strangely shaped body.
Your magical capacity is low (-10% MP).


Message History

The orc knight unwields an uncursed arbalest.
The orc knight wields an uncursed great mace.
The orc knight closely misses you.
You closely miss the orc knight.
The orc knight is moderately wounded.
You claw the orc knight!
The orc knight is heavily wounded.
The orc knight hits you with an uncursed great mace!
You claw the orc knight!
The orc knight is severely wounded.
You miss the orc knight.
The orc knight is severely wounded.
The orc knight hits you with an uncursed great mace!!
* * * LOW HITPOINT WARNING * * *
You claw the orc knight!
The orc knight is almost dead.
You barely miss the orc knight.
The orc knight is almost dead.
The orc knight hits you with an uncursed great mace!!
You die...

...##.... ...#.... .$
#...... . ...# ####..o##
##.. ....###.#.....###
<....
......#.........##.....
#....(..o..[(......#
##.....####(.(...##
#...######<@....##
####.o....####o.######.
###............((........
##(.(o.##.................
#.)()......##..##..##...##
###)..(#o.##....c.....≈≈#
#....)..#.o........≈≈≈#
#.............o..≈≈≈≈#
##......#......≈≈≈≈###


You could see an orc knight (bleeding) and an orc (confused).

Vanquished Creatures
  A hill giant (D:9)
  Maurice (Orc:3)
  2 trolls
  Grinder (D:4)
  2 wyverns (D:9)
  Eustachio (D:6)
  A hippogriff (D:10)
  Menkaure (D:4)
  3 wargs (D:10)
  10 orc warriors
  A swamp drake (D:9)
  4 ice beasts
  3 ogres
  4 centaurs
  A scorpion (D:9)
  4 killer bees (D:10)
  4 wights (D:10)
  A quasit (D:5)
  2 giant frog zombies
  A centaur skeleton (D:10)
  3 jellies (D:9)
  Crazy Yiuf (D:2)
  A giant frog skeleton (D:9)
  12 orc priests
  4 hounds
  11 orc wizards
  4 worker ants
  Ijyb (D:4)
  Jessica (D:2)
  Terence (D:2)
  7 gnolls
  2 shadow imps
  7 adders
  2 worms (D:2)
  2 giant geckos
  6 oozes
  83 orcs
  22 bats
  3 giant cockroaches
  12 goblins
  16 hobgoblins
  5 jackals
  11 kobolds
  3 quokkas
  2 ball pythons
  4 giant newts
  11 rats
  3 ballistomycetes (D:9)
  A plant (D:10)
289 creatures vanquished.

Vanquished Creatures (collateral kills)
  An orc (Orc:4)
1 creature vanquished.

Vanquished Creatures (others)
  Fannar (D:10)
  An ice beast (D:10)
  An ufetubus (Orc:4)
  A giant spore (D:9)
4 creatures vanquished.

Grand Total: 294 creatures vanquished

Notes
Turn   | Place    | Note
--------------------------------------------------------------
     0 | D:1      | Fiveotanaka, the Troll Monk, began the quest for the Orb.
     0 | D:1      | Reached XP level 1. HP: 22/22 MP: 1/1
   120 | D:1      | Reached XP level 2. HP: 29/29 MP: 1/1
   714 | D:2      | Found a sacrificial altar of Ru.
   717 | D:2      | Reached XP level 3. HP: 36/36 MP: 2/2
   728 | D:2      | Reached skill level 5 in Unarmed Combat
   773 | D:2      | Noticed Jessica
   784 | D:2      | Killed Jessica
   784 | D:2      | Reached XP level 4. HP: 40/44 MP: 2/2
   822 | D:2      | Noticed Terence
   827 | D:2      | Killed Terence
  1310 | D:2      | Reached XP level 5. HP: 50/50 MP: 2/2
  1362 | D:2      | Noticed Crazy Yiuf
  1369 | D:2      | Killed Crazy Yiuf
  1924 | D:3      | Reached skill level 6 in Unarmed Combat
  2255 | D:4      | Noticed Ijyb
  2263 | D:4      | Killed Ijyb
  2263 | D:4      | Reached XP level 6. HP: 59/59 MP: 3/3
  2330 | D:4      | Noticed Menkaure
  2341 | D:4      | Killed Menkaure
  2634 | D:4      | Found a bloodstained altar of Trog.
  2955 | D:4      | Found a staircase to the Ecumenical Temple.
  2971 | D:4      | Noticed Grinder
  2990 | D:4      | Killed Grinder
  2990 | D:4      | Reached skill level 5 in Dodging
  2990 | D:4      | Reached skill level 7 in Unarmed Combat
  2990 | D:4      | Reached XP level 7. HP: 24/66 MP: 3/3
  3303 | D:5      | Entered Level 5 of the Dungeon
  3450 | Temple   | Entered the Ecumenical Temple
  3510 | Temple   | Became a worshipper of Xom the Begetter of Turbulence
  3649 | D:5      | XOM: harmless Necr miscast
  3661 | D:5      | XOM: potion effect (experience)
  3661 | D:5      | Reached skill level 13 in Unarmed Combat
  3661 | D:5      | Reached XP level 8. HP: 59/74 MP: 3/3
  3840 | D:5      | Found a stormy altar of Qazlal.
  3928 | D:5      | XOM is BORED!
  3928 | D:5      | XOM: give mutations
  3928 | D:5      | Gained mutation: Armour fits poorly on your strangely shaped body. [Xom's mischief]
  3928 | D:5      | Gained mutation: Your magical capacity is low (-10% MP). [Xom's mischief]
  4379 | D:6      | Noticed Eustachio
  4391 | D:6      | Killed Eustachio
  4465 | D:6      | XOM: 1-stop teleportation journey
  4494 | D:6      | You fall through a shaft for 3 floors!
  4497 | D:9      | Reached XP level 9. HP: 80/80 MP: 3/3
  4612 | D:9      | Noticed a hill giant
  4617 | D:9      | XOM: confuse monster(s)
  4621 | D:9      | Killed a hill giant
  4733 | D:9      | Reached skill level 14 in Unarmed Combat
  4742 | D:9      | XOM: god gift: rapier {god gift}
  4807 | D:9      | Noticed Joseph
  4811 | D:9      | Noticed Joseph
  4811 | D:9      | Joseph changed into Joseph the wyvern
  4811 | D:9      | XOM: polymorph Joseph -> Joseph the wyvern
  4814 | D:9      | Killed Joseph the wyvern
  4918 | D:9      | Found a radiant altar of Vehumet.
  4977 | D:9      | Found a glowing silver altar of Zin.
  4996 | D:9      | XOM: 5-stop teleportation journey
  5194 | D:9      | XOM: polymorph scorpion -> swamp drake
  5320 | D:9      | XOM: confuse monster(s)
  5465 | D:10     | Entered Level 10 of the Dungeon
  5476 | D:10     | Noticed Fannar
  5485 | D:10     | XOM: confuse monster(s)
  5525 | D:10     | Killed Fannar
  5525 | D:10     | XOM: divine lightning
  5537 | D:9      | XOM: vitrification
  5582 | D:9      | XOM: vitrification
  5597 | D:10     | Reached XP level 10. HP: 69/88 MP: 3/3
  5724 | D:10     | XOM: mild Conj miscast
  5823 | D:10     | XOM: 4-stop teleportation journey
  5934 | D:10     | Found a staircase to the Lair.
  5951 | D:10     | XOM: enchant monster (good)
  6013 | D:10     | XOM: divination: magic mapping
  6022 | D:10     | Found a staircase to the Orcish Mines.
  6266 | D:11     | Noticed Josephine
  6283 | Orc:1    | Entered Level 1 of the Orcish Mines
  6493 | Orc:2    | Found a shimmering altar of Xom.
  6601 | Orc:2    | XOM: confuse monster(s)
  6757 | Orc:2    | XOM: enchant monster (good)
  6910 | Orc:3    | Noticed Maurice
  6922 | Orc:3    | XOM: confuse monster(s)
  6923 | Orc:3    | Killed Maurice
  7098 | Orc:2    | XOM: god gift: ring mail {god gift}
  7450 | Orc:3    | Found a roughly hewn altar of Beogh.
  7453 | Orc:3    | Reached skill level 15 in Unarmed Combat
  7631 | Orc:4    | Entered Level 4 of the Orcish Mines
  7634 | Orc:4    | XOM: fog
  7635 | Orc:4    | XOM: confuse monster(s)
  7648 | Orc:4    | XOM: smoke on damage
  7758 | Orc:4    | XOM is BORED!
  7758 | Orc:4    | XOM: 1-stop teleportation journey
  7759 | Orc:4    | Noticed an orc knight
  7812 | Orc:4    | XOM: summons 3 friendly demons
  7815 | Orc:4    | XOM: summons friendly ufetubus
  8068 | Orc:4    | XOM: confuse monster(s)
  8076 | Orc:4    | Slain by an orc knight

Action                   |  1- 3 |  4- 6 |  7- 9 | 10-12 || total
-------------------------+-------+-------+-------+-------++-------
Melee: Unarmed           |    65 |   180 |   180 |   318 ||   743
Evoke: Wand              |       |       |     1 |       ||     1
  Use: Scroll            |       |     7 |     8 |       ||    15
       Potion            |       |       |     2 |       ||     2
 Stab: Paralysed         |     1 |       |       |       ||     1
       Sleeping          |       |     1 |     1 |     2 ||     4
       Confused          |       |       |     2 |     2 ||     4
       Distracted        |       |       |     1 |       ||     1
  Eat: Chunk             |    12 |    21 |    20 |    23 ||    76
